 Dungeon Crawl Stone Soup version 0.20.0-10-g0535bb4 (webtiles) character file.

686 tilp the Firebug (level 7, 0/50 HPs)
             Began as a Hill Orc Fire Elementalist on June 7, 2017.
             Was an Initiate of Okawaru.
             Slain by a troll (13 damage)
             ... on level 5 of the Dungeon.
             The game lasted 00:18:29 (5353 turns).

tilp the Firebug (Hill Orc Fire Elementalist)       Turns: 5353, Time: 00:18:30

Health: 0/50       AC:  4    Str: 11    XL:     7   Next: 62%
Magic:  3/4        EV: 12    Int: 15    God:    Okawaru [......]
Gold:   213        SH:  0    Dex: 20    Spells: 5/13 levels left

rFire    . . .     SeeInvis +   w - +11 flail of Nazurapt {antimagic, Int-2 Dex+9 SInv}
rCold    . . .     Gourm    .   (no shield)
rNeg     . . .     Faith    .   a - +0 robe
rPois    .         Spirit   .   r - +0 helmet {SInv}
rElec    .         Reflect  .   (no cloak)
rCorr    .         Harm     .   i - +0 pair of gloves
MR       .....                  (no boots)
Stlth    ++........             (no amulet)
Regen    0.2/turn               (no ring)
MPRegen  0.1/turn               (no ring)

@: about to teleport
A: no striking features
a: Renounce Religion


You were on level 5 of the Dungeon.
You worshipped Okawaru.
Okawaru was noncommittal.
You were not hungry.

You visited 2 branches of the dungeon, and saw 6 of its levels.

You collected 213 gold pieces.

Inventory:

Hand Weapons
 g - a +0 short sword
 l - a +1 dagger of electrocution
 w - the +11 flail of Nazurapt (weapon) {antimagic, Int-2 Dex+9 SInv}
   (You found it on level 4 of the Dungeon)

   It reduces the magical energy of the wielder, and disrupts the spells and
   magical abilities of those hit.
   Natural abilities and divine invocations are not affected.
   It affects your intelligence (-2).
   It affects your dexterity (+9).
   It lets you see invisible.
 x - the +4 arc blade {discharge, rElec}
   (You found it on level 4 of the Dungeon)

   It insulates you from electricity.
Missiles
 n - 6 tomahawks (quivered)
Armour
 a - a +0 robe (worn)
 i - a +0 pair of gloves (worn)
 r - a +0 helmet of see invisible (worn)
Jewellery
 p - an uncursed ring of stealth {unknown}
 E - a +3 ring of evasion {unknown}
Scrolls
 h - 5 scrolls of identify
 j - a scroll of teleportation
 m - 2 scrolls of immolation {unknown}
 s - 3 scrolls of enchant weapon {unknown}
 t - a scroll of random uselessness {unknown}
 y - a scroll of enchant armour {unknown}
 B - a scroll of remove curse {unknown}
Potions
 c - a potion of flight {unknown}
 e - a potion of agility {unknown}
 f - a potion of ambrosia {unknown}
 k - 2 potions of curing
 o - a potion of haste {unknown}
 q - a potion of invisibility {unknown}
 u - a potion of cancellation {unknown}
 z - a potion of heal wounds {unknown}
 A - a potion of magic {unknown}
Books
 b - a book of Flames

   Spells                             Type                      Level
   a - Flame Tongue                   Conjuration/Fire             1
   b - Throw Flame                    Conjuration/Fire             2
   c - Conjure Flame                  Conjuration/Fire             3
   d - Inner Flame                    Hexes/Fire                   3
   e - Sticky Flame                   Conjuration/Fire             4
   f - Fireball                       Conjuration/Fire             5
Comestibles
 d - 2 royal jellies
 v - 2 meat rations
 C - 3 chunks of flesh


   Skills:
 - Level 0.4 Short Blades
 + Level 4.0 Maces & Flails
 - Level 1.5 Dodging
 - Level 1.5 Stealth
 * Level 3.6 Spellcasting
 * Level 3.2 Conjurations
 + Level 5.8 Fire Magic


You had 5 spell levels left.
You knew the following spells:

 Your Spells              Type           Power        Failure   Level  Hunger
a - Flame Tongue          Conj/Fire      ###..        3%          1    None
b - Conjure Flame         Conj/Fire      ###.....     9%          3    ###....
c - Sticky Flame          Conj/Fire      ###.....     28%         4    ####...


Dungeon Overview and Level Annotations

Branches:
Dungeon (5/15)             Temple (1/1) D:4

Altars:
Ashenzari
Cheibriados
Elyvilon
Fedhas
Gozag
Hepliaklqana
Kikubaaqudgha
Makhleb
Okawaru
Qazlal
Ru
Trog
Uskayaw
Vehumet
Xom
Yredelemnul
Zin

Annotations:
D:3 mike2R's ghost, amateur DrWz


Message History

Casting: Flame Tongue
Confirm with . or Enter, or press ? or * to list all spells.
Okay, then.
You sock the troll!
The troll is moderately wounded.
The troll misses you. The troll barely misses you. The troll misses you.
Unknown command.
You closely miss the troll.
The troll is moderately wounded.
The troll closely misses you. The troll barely misses you. The troll claws you.
You sock the troll!
The troll is heavily wounded.
The troll bites you but does no damage. The troll claws you! x2
The troll bites you!
* * * LOW HITPOINT WARNING * * *
The troll closely misses you. The troll claws you but does no damage.
Unknown command.
As you read the scroll of teleportation, it crumbles to dust.
You feel strangely unstable. The troll barely misses you. The troll claws you!
You die...

.................#... ..#
.................... #..##
...........(....#####.....
#.......##................
......#....####...#...(...
..#.....#### ###†#..(#
>....##..### ###...(.#
.#...###...####.......#
....#####.......@T#...#
..................#...#
).#.######.>......#...#
)...............).#####
..#..####.........# ..##.#
##........# ..##.#
#........# ####.##
#........#
####..####........


You could see a troll.

Vanquished Creatures
  A water moccasin (D:5)
  A scorpion (D:4)
  A centaur skeleton (D:5)
  4 orc priests
  2 orc wizards (D:4)
  A bullfrog skeleton (D:4)
  An iguana (D:5)
  4 worker ants
  A hound zombie (D:5)
  6 adders
  3 oozes
  2 adder skeletons (D:4)
  2 worms (D:4)
  3 leopard geckos
  12 orcs
  5 bats
  5 giant cockroaches
  3 goblins (D:2)
  9 hobgoblins
  7 jackals
  A ball python (D:4)
  2 ball python skeletons (D:4)
  3 frilled lizards
  9 kobolds
  10 rats
98 creatures vanquished.

Notes
Turn   | Place    | Note
-------+----------+-------------------------------------------
     0 | D:1      | tilp the Hill Orc Fire Elementalist began the quest for the Orb.
     0 | D:1      | Reached XP level 1. HP: 14/14 MP: 3/3
   148 | D:1      | Reached XP level 2. HP: 20/20 MP: 2/4
   520 | D:1      | Reached skill level 4 in Fire Magic
   542 | D:2      | Reached XP level 3. HP: 26/26 MP: 5/5
   773 | D:2      | Learned a level 3 spell: Conjure Flame
  1405 | D:2      | Found a bloodstained altar of Trog.
  1460 | D:3      | Noticed mike2R's ghost (amateur DrWz)
  1712 | D:3      | Reached XP level 4. HP: 21/33 MP: 5/7
  1916 | D:3      | Found a sacrificial altar of Ru.
  2075 | D:4      | Reached skill level 5 in Fire Magic
  2328 | D:4      | Found an iron altar of Okawaru.
  2330 | D:4      | Got an ivory flail
  2339 | D:4      | Identified the +11 flail of Nazurapt {antimagic, Int-2 Dex+9 SInv} (You found it on level 4 of the Dungeon)
  2361 | D:4      | Reached XP level 5. HP: 36/38 MP: 2/8
  2591 | D:4      | Reached XP level 6. HP: 37/45 MP: 3/10
  2788 | D:4      | Found a staircase to the Ecumenical Temple.
  2797 | D:4      | Reached skill level 1 in Maces & Flails
  2830 | Temple   | Entered the Ecumenical Temple
  2937 | Temple   | Became a worshipper of Warmaster Okawaru
  3353 | D:3      | HP: 2/45 [mike2R's ghost (5)]
  3542 | D:1      | Learned a level 4 spell: Sticky Flame
  4474 | D:5      | Entered Level 5 of the Dungeon
  4481 | D:5      | HP: 2/45 [orc/flail (3)]
  4516 | D:4      | Reached XP level 7. HP: 12/50 MP: 1/12
  5343 | D:5      | Noticed a troll
  5353 | D:5      | Slain by a troll

Skill      XL: |  1  2  3  4  5  6  7 |
---------------+----------------------+-----
Fire Magic     | 4 5 |  5.8
Spellcasting   | 2 3 |  3.6
Conjurations   | 2 3 |  3.2
Maces & Flails | 2 4 |  4.0
Short Blades   | |  0.4
Dodging        | |  1.5
Stealth        | |  1.5

Action                   |  1- 3 |  4- 6 |  7- 9 || total
-------------------------+-------+-------+-------++-------
Melee: Dagger            |    92 |    27 |       ||   119
       Short sword       |     5 |       |       ||     5
       Flail             |       |    98 |    26 ||   124
Throw: Tomahawk          |       |     2 |     3 ||     5
 Cast: Flame Tongue      |    13 |    28 |     4 ||    45
  Use: Potion            |       |     3 |       ||     3
       Scroll            |       |     2 |     1 ||     3
 Stab: Sleeping          |     5 |     2 |     1 ||     8
       Distracted        |       |     1 |       ||     1
  Eat: Chunk             |     1 |     5 |     1 ||     7
       Bread ration      |     1 |       |     1 ||     2
       Royal jelly       |       |     1 |       ||     1
Armor: Robe              |    25 |    35 |     8 ||    68
Dodge: Dodged            |    71 |   104 |    36 ||   211
